 Dungeon Crawl Stone Soup version 0.30.0-12-gd5a94ecb5d (webtiles) character file.

Game seed: 18302233034401489396

4506 Leibowitz the Cleaver (level 10, -2/86 HPs)
             Began as a Minotaur Gladiator on May 17, 2023.
             Was a Priest of Okawaru.
             Slain by a +4 spectral quarterstaff (17 damage)
             ... created by Joseph
             ... on level 9 of the Dungeon.
             The game lasted 00:21:04 (8736 turns).

Leibowitz the Cleaver (Minotaur Gladiator)          Turns: 8736, Time: 00:21:05

Health: -2/86      AC: 14    Str: 22    XL:     10   Next: 16%
Magic:  0/9        EV: 11    Int:  5    God:    Okawaru [***...]
Gold:   557        SH:  0    Dex: 13    Spells: 9/9 levels left

rFire   . . .        E - +0 battleaxe
rCold   . . .        (shield currently unavailable)
rNeg    . . .        p - +0 chain mail
rPois   +            c - +0 hat
rElec   .            (no cloak)
rCorr   .            (no gloves)
SInv    .            v - +2 pair of boots
Will    .....        y - amulet of guardian spirit Stlth
                     L - ring of poison resistance
HPRegen 0.34/turn    (no ring)
MPRegen 0.11/turn

%: guardian spirit
@: no status effects
A: horns 2, retaliatory headbutt
a: Renounce Religion, Heroism


You were on level 9 of the Dungeon.
You worshipped Okawaru.
Okawaru was most pleased with you.
You visited 2 branches of the dungeon, and saw 10 of its levels.
You also visited: Sewer and Ossuary.

You collected 557 gold pieces.

Inventory:

Hand Weapons
 a - a +0 war axe
 C - a +2 hand axe of electrocution
 E - a +0 battleaxe (weapon)
Missiles
 d - 3 throwing nets (quivered)
 e - 6 javelins
 w - 11 silver javelins
Armour
 c - a +0 hat (worn)
 p - a +0 chain mail (worn)
 v - a +2 pair of boots (worn)
Jewellery
 x - a ring of ice
 y - an amulet of guardian spirit (around neck)
 L - a ring of poison resistance (left hand)
Wands
 B - a wand of mindburst (9)
Scrolls
 g - 3 scrolls of noise {unknown}
 h - a scroll of magic mapping {unknown}
 j - 5 scrolls of fog {unknown}
 m - 5 scrolls of fear {unknown}
 n - 15 scrolls of identify {unknown}
 o - 4 scrolls of poison {unknown}
 q - 2 scrolls of blinking {unknown}
 s - 4 scrolls of teleportation {unknown}
 D - a scroll of enchant armour {unknown}
 I - a scroll of silence {unknown}
 J - a scroll of acquirement {unknown}
 K - a scroll of vulnerability {unknown}
Potions
 b - a potion of invisibility {unknown}
 f - 2 potions of degeneration {unknown}
 i - 4 potions of curing
 k - a potion of heal wounds
 l - 4 potions of berserk rage {unknown}
 r - a potion of resistance {unknown}
 t - 2 potions of brilliance {unknown}
 u - 3 potions of lignification {unknown}
 z - 2 potions of flight {unknown}
 A - a potion of ambrosia {unknown}
 F - 5 potions of might {unknown}
 G - 2 potions of attraction {unknown}
 H - a potion of haste {unknown}


   Skills:
 * Level 7.5 Fighting
 * Level 12.8 Axes
 - Level 2.0 Throwing
 * Level 8.4 Armour
 * Level 6.6 Dodging


You had 9 spell levels left.
You didn't know any spells.
Your spell library contained the following spells:

 Spells                   Type           Power      Damage    Failure   Level
 Cigotuvi's Dreadful Rot  Necr/Pois/Air  0%         N/A       99%         2
 Dispel Undead            Necr           0%         3d6       100%        4
 Death Channel            Necr           Unusable   N/A       N/A         6

Dungeon Overview and Level Annotations

Branches:
Dungeon (9/15)             Temple (1/1) D:4           Sewer (visited)
Ossuary (visited)
   Lair: D:8-11         Orc: D:9-12

Altars:
Ashenzari
Cheibriados
Dithmenos
Elyvilon
Fedhas
Gozag
Hepliaklqana
Kikubaaqudgha
Makhleb
Nemelex Xobeh
Okawaru
Qazlal
Ru
Sif Muna
Trog
Vehumet
Xom
Yredelemnul
Zin
The Shining One

Shops:
D:4 *

Annotations:
D:5 2 transporters, Olilun0323's ghost, novice MiBe
D:9 Joseph


Innate Abilities, Weirdness & Mutations

You have a pair of horns on your head.
You reflexively headbutt those who attack you in melee.


Message History

You furiously retaliate!
You headbutt the +4 spectral quarterstaff!
Joseph shares his spectral weapon's damage!
The +4 spectral quarterstaff barely misses you.
You furiously retaliate!
You headbutt the +4 spectral quarterstaff!
Joseph shares his spectral weapon's damage!
The +4 spectral quarterstaff disappears.
Joseph hits you with a +4 spectral quarterstaff!
* * * LOW HITPOINT WARNING * * *
The +4 spectral quarterstaff completely misses you.
You furiously retaliate!
You headbutt the +4 spectral quarterstaff, but do no damage.
A +4 spectral quarterstaff comes into view.
You feel much better.
Joseph hits you with a +4 spectral quarterstaff.
The +4 spectral quarterstaff hits you but does no damage.
You hit Joseph. You headbutt Joseph.
Joseph is severely wounded.
You miss the +4 spectral quarterstaff. Joseph hits you but does no damage.
The +4 spectral quarterstaff closely misses you.
You hit Joseph.
Joseph is severely wounded.
You slash the +4 spectral quarterstaff!
Joseph shares his spectral weapon's damage!
Joseph hits you but does no damage. The +4 spectral quarterstaff hits you!
You slash Joseph! You headbutt Joseph, but do no damage.
Joseph is almost dead.
You closely miss the +4 spectral quarterstaff.
The +4 spectral quarterstaff hits you.
* * * LOW HITPOINT WARNING * * *
Joseph hits you with a +4 spectral quarterstaff.
* * * LOW HITPOINT WARNING * * *
The +4 spectral quarterstaff hits you.
* * * LOW HITPOINT WARNING * * *
The +4 spectral quarterstaff hits you but does no damage.
Joseph hits you with a +4 spectral quarterstaff.
* * * LOW HITPOINT WARNING * * *
The +4 spectral quarterstaff hits you!
You die...

#.....#..# ##.####..#
#........# #
#..#####.# #.
#..#####.#
...##.#######........#
.........#.##)########
......))..(##)#
.........#@@).#
.........######
.........# .........#
.........# ..........
.........


You could see Joseph and a +4 spectral quarterstaff.

Vanquished Creatures
  Grinder (D:3)
  6 yaks (D:7)
  Menkaure (Ossuary)
  3 water moccasins
  2 ice beasts
  3 orc warriors (D:9)
  2 ogres
  2 centaurs
  3 phantoms
  2 kobold brigands (Sewer)
  2 bullfrogs
  3 wights (D:9)
  4 scorpions
  6 killer bees
  4 jellies
  8 orc priests
  4 hounds
  An iguana (D:7)
  2 sleepcaps
  5 orc wizards
  4 mummies
  14 adders
  3 gnolls (D:7)
  A river rat (Sewer)
  2 shadow imps
  A white imp (D:8)
  2 worms (D:2)
  A dart slug (D:2)
  44 orcs
  18 ball pythons
  6 bats
  11 endoplasms
  3 giant cockroaches
  4 goblins
  3 hobgoblins
  6 jackals
  7 kobolds
  2 quokkas
  4 frilled lizards
  A gnoll skeleton (Ossuary)
  5 gnoll zombies (Ossuary)
  2 goblin skeletons (Ossuary)
  4 goblin zombies (Ossuary)
  6 hobgoblin skeletons (Ossuary)
  6 hobgoblin zombies (Ossuary)
  3 kobold skeletons (Ossuary)
  A kobold zombie (Ossuary)
  5 orc skeletons (Ossuary)
  An orc zombie (Ossuary)
  11 rats
  8 rat skeletons (Ossuary)
  8 rat zombies (Ossuary)
  2 spectral weapons (D:9)
263 creatures vanquished.

Notes
Turn   | Place    | Note
-------+----------+-------------------------------------------
     0 | D:1      | Leibowitz the Minotaur Gladiator began the quest for the
                  | Orb.
     0 | D:1      | Reached XP level 1. HP: 18/18 MP: 0/0
   113 | D:1      | Reached XP level 2. HP: 24/25 MP: 1/1
   212 | D:1      | Reached skill level 4 in Axes
   489 | D:1      | Found a faded altar of an unknown god.
   618 | D:2      | Found a radiant altar of Vehumet.
   624 | D:2      | Reached skill level 1 in Armour
   624 | D:2      | Reached XP level 3. HP: 13/30 MP: 2/2
  1272 | D:3      | Reached XP level 4. HP: 34/37 MP: 3/3
  1347 | D:3      | Reached skill level 5 in Axes
  1621 | D:3      | Found a bloodstained altar of Trog.
  1798 | D:3      | Noticed Grinder
  1801 | D:3      | Paralysed by Grinder for 2 turns
  1810 | D:3      | Killed Grinder
  1811 | D:3      | Reached skill level 6 in Axes
  1811 | D:3      | Reached XP level 5. HP: 43/45 MP: 4/4
  1811 | D:3      | Reached XP level 6. HP: 49/51 MP: 5/5
  2657 | D:4      | Found a glowing drain.
  2670 | Sewer    | Entered a sewer
  3082 | Sewer    | Reached skill level 7 in Axes
  3451 | D:4      | Reached XP level 7. HP: 56/58 MP: 6/6
  3565 | D:4      | Found a staircase to the Ecumenical Temple.
  3571 | Temple   | Entered the Ecumenical Temple
  3690 | Temple   | Became a worshipper of Warmaster Okawaru
  3836 | D:4      | Found a snail-covered altar of Cheibriados.
  3935 | D:4      | Found Jolyl's Assorted Antiques.
  4489 | D:5      | Entered Level 5 of the Dungeon
  4534 | D:5      | Noticed Olilun0323's ghost (novice MiBe)
  4535 | D:5      | Found a transporter.
  4696 | D:5      | Reached skill level 8 in Axes
  4837 | D:5      | Reached skill level 5 in Dodging
  4898 | D:5      | Identified the +3 ring mail of Midsummer {Contam rN+ Int+2
                  | Slay+2}
  4951 | D:5      | Found a transporter.
  4976 | D:5      | Reached skill level 5 in Armour
  4989 | D:5      | Reached XP level 8. HP: 58/67 MP: 7/7
  5244 | D:5      | Reached * piety under Okawaru
  5399 | D:5      | Reached skill level 5 in Fighting
  5399 | D:5      | Reached skill level 9 in Axes
  6219 | D:6      | Reached skill level 10 in Axes
  6516 | D:7      | Found a basalt altar of Yredelemnul.
  6517 | D:7      | Found a stormy altar of Qazlal.
  6538 | D:7      | Reached ** piety under Okawaru
  6544 | D:7      | Reached XP level 9. HP: 57/75 MP: 5/8
  6567 | D:7      | Reached skill level 11 in Axes
  6587 | D:7      | Reached *** piety under Okawaru
  6723 | D:7      | Found an opulent altar of Gozag.
  6725 | D:7      | Found a radiant altar of Vehumet.
  6725 | D:7      | Found a sacrificial altar of Ru.
  6775 | D:7      | Identified the +4 trident "Afo Piuh" {heavy, Fly rN+ Will-
                  | Stlth+}
  7325 | D:8      | Identified the +4 arbalest of Bellicose Valiance {freeze,
                  | rElec}
  7354 | D:8      | Reached skill level 12 in Axes
  7634 | D:8      | Found a sand-covered staircase.
  7642 | Ossuary  | Entered an ossuary
  7918 | Ossuary  | Noticed Menkaure
  7930 | Ossuary  | Killed Menkaure
  7930 | Ossuary  | Received a gift from Okawaru
  8363 | D:8      | Reached XP level 10. HP: 61/86 MP: 7/9
  8705 | D:9      | Noticed Joseph
  8736 | D:9      | Slain by a +4 spectral quarterstaff

Illustrated notes

Levels and vault maps discovered:
D:1:      scummos_arrival_star, layout_basic, dilly_ecumenical_altar_fadedgnrine
D:2:      layout_basic, basic_altar, kennysheep_generic_room_7
D:3:      layout_basic, mainiacjoe_overflow_boulevard, interstate_on_off,
          chequers_serial_rivers_micro_e, uniq_grinder
D:4:      layout_loops_ring, slow_altar_1, minmay_temple_entry_wispy,
          serial_shops, shop, cheibrodos_sewer_entry_sluice,
          hangedman_decor_lopped, chequers_arboretum
D:5:      layout_basic, gammafunk_ghost_mausoleum
D:6:      layout_basic
D:7:      layout_basic, grunt_temple_overflow_open
D:8:      layout_gridville, lightli_ossuary_entry_decrepit_ruins
D:9:      layout_basic, enter_bailey_3, special_room [special_room_orc],
          uniq_joseph
Temple:   nicolae_temple_figure_eight

Skill      XL: |  1  2  3  4  5  6  7  8  9 |
---------------+----------------------------+-----
Axes           | 4 6 7 8 10 12 | 12.8
Armour         | 1 2 4 5 6 8 |  8.4
Dodging        | 4 5 6 |  6.6
Fighting       | 3 4 5 7 |  7.5
Throwing       | |  2.0

Action                     |  1- 3 |  4- 6 |  7- 9 | 10-12 || total
---------------------------+-------+-------+-------+-------++-------
  Melee: War axe           |    86 |   118 |   255 |       ||   459
         Headbutt          |     7 |    11 |    61 |    20 ||    99
         Punch             |       |     1 |     7 |       ||     8
         Battleaxe         |       |       |   101 |    73 ||   174
         Hand axe          |       |       |     6 |       ||     6
  Throw: Throwing net      |       |     1 |       |       ||     1
    Use: Potion            |       |       |       |     5 ||     5
   Stab: Sleeping          |     1 |       |       |       ||     1
         Held in net/web   |       |     1 |       |       ||     1
 Armour: Leather armour    |    14 |       |       |       ||    14
         Ring mail         |    34 |     7 |       |       ||    41
         Chain mail        |       |    49 |   151 |    34 ||   234
  Dodge: Dodged            |    59 |    64 |   188 |    40 ||   351
